 Dungeon Crawl Stone Soup version 0.19.0-9-gfd783f2 (webtiles) character file.

147 JeffiDaFish the Shield-Bearer (level 5, -4/33 HPs)
             Began as a Gargoyle Fighter on Nov 7, 2016.
             Slain by a wight
             ... wielding a cursed +0 halberd
              (6 damage)
             ... on level 3 of the Dungeon.
             The game lasted 00:06:55 (1923 turns).

JeffiDaFish the Shield-Bearer (Gargoyle Fighter)    Turns: 1923, Time: 00:06:57

Health: -4/33      AC: 13    Str: 26    XL:     5   Next: 29%
Magic:  5/5        EV:  6    Int:  8    God:
Gold:   133        SH: 10    Dex:  9    Spells: 0 memorised, 4 levels left

rFire  . . .     SeeInvis .     a - +0 flail
rCold  . . .     Gourm    .     p - +0 chain mail
rNeg   + . .     Faith    .     c - +0 shield
rPois  ∞         Spirit   .     (no helmet)
rElec  +         Reflect  .     (no cloak)
rCorr  .         Harm     .     (no gloves)
MR     .....                    (no boots)
Stlth  ..........               (no amulet)
                                (no ring)
                                k - ring of flight

@: mighty
A: talons 1, negative energy resistance 1, electricity resistance, unbreathing,
petrification resistance, rot immunity, AC +4
a: Evoke Flight


You were on level 3 of the Dungeon.
You were not hungry.

You visited 1 branch of the dungeon, and saw 3 of its levels.

You collected 133 gold pieces.

Inventory:

Hand Weapons
 a - a +0 flail (weapon)
Armour
 c - a +0 shield (worn)
 p - a +0 chain mail (worn)
Jewellery
 k - a ring of flight (left hand)
 n - an uncursed amulet of guardian spirit
Scrolls
 b - a scroll of fog
 e - 2 scrolls of identify
 i - 3 scrolls of magic mapping
Potions
 j - a potion of curing
Comestibles
 f - 2 bread rations
 g - 10 chunks of flesh
 h - a meat ration
 l - a slice of pizza
 m - 2 beef jerkies


   Skills:
 + Level 3.9 Fighting
 + Level 2.8 Maces & Flails
 + Level 4.3 Armour
 + Level 0.7 Dodging
 + Level 0.2 Stealth
 + Level 4.4 Shields


You had 4 spell levels left.
You didn't know any spells.

Dungeon Overview and Level Annotations

Branches:
Dungeon (3/15)

Altars:
Ashenzari

Annotations:
D:3 Jessica


Innate Abilities, Weirdness & Mutations

You are resistant to torment.
Your stone body is resilient. (AC +4)
You are immune to poison.
You resist negative energy. (rN+)
You are resistant to electric shocks. (rElec)
You can survive without breathing.
You are immune to petrification.
You are immune to rotting.
You have sharp toenails.


Message History

You block the jackal's attack. The wight hits you but does no damage.
The wight hits you with an enchanted mace.
* * * LOW HITPOINT WARNING * * *
The goblin hits you but does no damage. The jackal barely misses you.
You block the wight's attack. The frilled lizard barely misses you.
The wight hits you but does no damage.
You closely miss the wight. You claw the wight, but do no damage.
You block the jackal's attack. The goblin hits you but does no damage.
You block the wight's attack. The wight hits you but does no damage.
The jackal bites you but does no damage.
The frilled lizard barely misses you. You block the wight's attack.
The goblin hits you but does no damage.
You hit the wight. You claw the wight.
The wight is heavily damaged.
You block the jackal's attack.
The wight hits you with an enchanted mace.
* * * LOW HITPOINT WARNING * * *
The frilled lizard bites you but does no damage.
The wight hits you from afar with a halberd.
You die...

#.. ##.# #..#
#..# #...##†##
#....# #..###
##.### # #.†.#
..#.###...#
#.......@z####
###.##>lhg@..#..
##.##.zz......#
#.............#
#.#.##........#
#% ##.......# #
#......##
#.......<
.........


You could see 3 wights, Jessica, a jackal, a goblin and a frilled lizard.

Vanquished Creatures
  An orc wizard (D:2)
  An orc priest (D:3)
  4 adders
  A dart slug (D:1)
  A leopard gecko (D:2)
  6 orcs (D:3)
  3 giant cockroaches
  2 goblins
  4 hobgoblins
  4 jackals
  2 kobolds
  8 bats
  5 frilled lizards
  6 rats
48 creatures vanquished.

Notes
Turn   | Place    | Note
-------+----------+-------------------------------------------
     0 | D:1      | JeffiDaFish the Gargoyle Fighter began the quest for the Orb.
     0 | D:1      | Reached XP level 1. HP: 14/14 MP: 1/1
   192 | D:1      | Gained mutation: You have sharp toenails. [potion of beneficial mutation]
   206 | D:1      | Reached XP level 2. HP: 15/19 MP: 2/2
   564 | D:1      | Found a shattered altar of Ashenzari.
   800 | D:2      | Reached XP level 3. HP: 20/23 MP: 3/3
  1362 | D:2      | Reached XP level 4. HP: 29/29 MP: 4/4
  1831 | D:3      | Reached XP level 5. HP: 26/33 MP: 5/5
  1900 | D:3      | Noticed Jessica
  1923 | D:3      | Slain by a wight

Skill      XL: |  1  2  3  4 |
---------------+-------------+-----
Shields        | 4 |  4.4
Armour         | 4 |  4.3
Fighting       | |  3.9
Maces & Flails | |  2.8
Dodging        | |  0.7
Stealth        | |  0.2

Action                   |  1- 3 |  4- 6 || total
-------------------------+-------+-------++-------
Melee: Flail             |    89 |   126 ||   215
       Kick              |    13 |    25 ||    38
  Use: Potion            |     4 |     3 ||     7
       Scroll            |     5 |     4 ||     9
  Eat: Chunk             |     2 |     2 ||     4
Armor: Scale mail        |    44 |     7 ||    51
       Chain mail        |       |   249 ||   249
Dodge: Dodged            |    33 |    98 ||   131
Block: Shield            |    48 |   176 ||   224
